 Dungeon Crawl Stone Soup version 0.28.0-45-g0d030f2227 (webtiles) character file.

Game seed: 11211873229290188949

275 101zpm the Magician (level 6, -9/32 HPs)
             Began as a Deep Elf Fire Elementalist on Apr 12, 2022.
             Shot with an arrow by a centaur (13 damage)
             ... on level 5 of the Dungeon.
             The game lasted 00:12:23 (3138 turns).

101zpm the Magician (Deep Elf Fire Elementalist)    Turns: 3138, Time: 00:12:24

Health: -9/32      AC:  2    Str:  5    XL:     6   Next: 3%
Magic:  9/16       EV: 13    Int: 22    God:
Gold:   73         SH:  0    Dex: 15    Spells: 8/15 levels left

rFire   . . .      SeeInvis .   (no weapon)
rCold   . . .      Faith    .   (no shield)
rNeg    . . .      Spirit   .   a - +0 robe
rPois   .          Reflect  .   (no helmet)
rElec   .          Harm     .   (no cloak)
rCorr   .          Rampage  .   (no gloves)
Will    .....                   (no boots)
Stlth   ++........              (no amulet)
HPRegen 0.10/turn               (no ring)
MPRegen 0.15/turn               (no ring)

@: no status effects
A: no striking features
a: no special abilities


You were on level 5 of the Dungeon.
You visited 1 branch of the dungeon, and saw 4 of its levels.

You collected 73 gold pieces.

Inventory:

Hand Weapons
 h - a +0 short sword
Missiles
 g - 68 stones
 i - 21 bolts
 j - 36 arrows
Armour
 a - a +0 robe (worn)
Jewellery
 c - an amulet of reflection
 n - an amulet of magic regeneration
 q - an amulet of regeneration
Scrolls
 f - 2 scrolls of teleportation {unknown}
 l - a scroll of fog {unknown}
 p - a scroll of summoning {unknown}
Potions
 b - a potion of magic {unknown}
 d - a potion of invisibility {unknown}
 e - a potion of haste {unknown}
 k - a potion of ambrosia {unknown}
 m - 2 potions of mutation {unknown}
 o - a potion of curing {unknown}


   Skills:
 + Level 2.9 Dodging
 + Level 3.1 Stealth
 + Level 0.3 Unarmed Combat
 + Level 5.4 Spellcasting
 + Level 2.9 Conjurations
 + Level 1.5 Hexes
 + Level 4.8 Fire Magic


You had 8 spell levels left.
You knew the following spells:

 Your Spells              Type           Power      Damage    Failure   Level
a - Foxfire               Conj/Fire      92%        2x1d8     1%          1
b - Scorch                Fire           54%        2d7       1%          2
c - Slow                  Hex            48%        N/A       5%          1
d - Summon Guardian Gole  Hex/Summ       9%         N/A       22%         3

Your spell library contained the following spells:

 Spells                   Type           Power      Damage    Failure   Level
 Conjure Flame            Conj/Fire      23%        6-21      6%          3
 Inner Flame              Hex/Fire       19%        N/A       8%          3
 Summon Small Mammal      Summ           24%        N/A       10%         1
 Confusing Touch          Hex            12%        N/A       16%         3
 Flame Wave               Conj/Fire      23%        2d7       21%         4
 Call Canine Familiar     Summ           6%         N/A       28%         3
 Vampiric Draining        Necr           6%         2d6       28%         3


Dungeon Overview and Level Annotations

Branches:
Dungeon (5/15)
 Temple: D:4-7

Altars:
Gozag

Annotations:
D:4 3 runed translucent doors, 101zpm's ghost, novice DjWz; Blork the orc; maxonian's ghost, amateur OpTm


Message History

a +0 club; a gnoll skeleton
Found a stone staircase leading up.
A hound and a centaur come into view.
Found a stone staircase leading down.
The hound barks!
The centaur shouts!
You hear a shout! x2; You hear a bark!
The centaur wields a +0 shortbow.
The centaur shoots an arrow.
The arrow hits you!
The centaur shoots an arrow.
The arrow barely misses you.
Casting: Foxfire (safe; 1% risk of failure)
Press: ? - help, Q - select action, (/) - cycle Dir - look around, f - activate You conjure some foxfire!
Casting: Foxfire (safe; 1% risk of failure)
Confirm with . or Enter, or press ? or * to list all spells.
Flames lash the hound.
The hound is severely wounded.
The hound's fire resistance burns away.
Your guardian golem disappears in a puff of smoke!
The foxfire hits the hound.
The hound is burned terribly!
You kill the hound!
Your Hexes skill increases to level 1!
You have reached level 6!
Casting: Foxfire (safe; 1% risk of failure)
Press: ? - help, Q - select action, (/) - cycle Dir - look around, f - activate You conjure some foxfire!
The centaur shoots an arrow.
The arrow hits you!
Casting: Foxfire (safe; 1% risk of failure)
Press: ? - help, Q - select action, (/) - cycle Dir - look around, f - activate You conjure some foxfire!
The foxfire hits the centaur.
The centaur is lightly wounded.
The foxfire hits the centaur!
The centaur is heavily wounded.
Casting: Foxfire (safe; 1% risk of failure)
Press: ? - help, Q - select action, (/) - cycle Dir - look around, f - activate You conjure some foxfire!
The foxfire hits the centaur but does no damage.
The centaur is heavily wounded.
The centaur shoots an arrow.
The arrow hits you!
* * * LOW HITPOINT WARNING * * *
The centaur shoots an arrow.
The arrow hits you!
You die...

#...# ######...###.##
###..........#..## ..
#.....##.)...#...### ...
.............#..... ....
#.....).......... #....
#..............# .h....
.....)....##..§v##......
.........####.v@#v......
........#..#..v§.#
.............##§§c..#
..........#.....§#..#
.#+++#....#.....###....
##.........# .....
#.........# ....
#.........# ..>
........<..# ...


You could see a centaur (ally target).

Vanquished Creatures
  An ogre (D:5)
  A hound (D:5)
  Robin (D:2)
  4 adders
  6 gnolls (D:5)
  2 dart slugs (D:2)
  2 bats
  2 endoplasms
  A giant cockroach (D:1)
  12 goblins
  4 hobgoblins
  2 quokkas
  10 ball pythons
  A frilled lizard (D:2)
  6 kobolds
  3 rats
58 creatures vanquished.

Vanquished Creatures (others)
  248 foxfires
  6 withered plants (D:4)
254 creatures vanquished.

Grand Total: 312 creatures vanquished

Notes
Turn   | Place    | Note
-------+----------+-------------------------------------------
     0 | D:1      | 101zpm the Deep Elf Fire Elementalist began the quest for
                  | the Orb.
     0 | D:1      | Reached XP level 1. HP: 10/10 MP: 6/6
   251 | D:1      | Reached XP level 2. HP: 12/15 MP: 5/8
   908 | D:2      | Found an opulent altar of Gozag.
  1004 | D:2      | Reached XP level 3. HP: 19/19 MP: 6/10
  1012 | D:2      | Reached skill level 4 in Spellcasting
  1015 | D:2      | Noticed Robin
  1408 | D:2      | Killed Robin
  1409 | D:2      | Reached XP level 4. HP: 13/24 MP: 1/12
  1698 | D:2      | Found a faded altar of an unknown god.
  1782 | D:2      | You fall into a shaft and drop 2 floors!
  1804 | D:4      | Found a runed translucent gate.
  1804 | D:4      | Found a runed translucent gate.
  1804 | D:4      | Found a runed translucent gate.
  1887 | D:4      | Noticed 101zpm's ghost (novice DjWz)
  1887 | D:4      | Noticed maxonian's ghost (amateur OpTm)
  2018 | D:4      | Noticed an ogre
  2028 | D:5      | Entered Level 5 of the Dungeon
  2321 | D:5      | Reached XP level 5. HP: 14/28 MP: 4/14
  2709 | D:4      | Noticed Blork the orc
  2902 | D:5      | Reached skill level 5 in Spellcasting
  2907 | D:5      | Noticed an ogre
  2914 | D:5      | Killed an ogre
  2917 | D:5      | Learned a level 2 spell: Scorch
  3094 | D:5      | Learned a level 1 spell: Slow
  3098 | D:5      | Learned a level 3 spell: Summon Guardian Golem
  3132 | D:5      | Noticed a centaur
  3136 | D:5      | Reached skill level 1 in Hexes
  3136 | D:5      | Reached XP level 6. HP: 23/32 MP: 12/16
  3138 | D:5      | Shot with an arrow by a centaur

Illustrated notes

Levels and vault maps discovered:
D:1:      tarquinn_simple_flora_water_d, layout_basic
D:2:      layout_loops_ring, shapermc_ecumenical_altar_pompeii, basic_altar,
          minmay_fractal_squares_5, uniq_robin
D:4:      layout_basic, gammafunk_ghost_cemetery, uniq_blork_the_orc,
          uniq_grinder
D:5:      layout_cave_pools, mainiacjoe_overflow_surrounded_room,
          serial_gnoll_camp, gnoll_camp_mini_doghouse,
          gnoll_camp_mini_loothouse, gnoll_camp_mini_doghouse,
          gnoll_camp_mini_sergeant, grums_kennel, gnoll_camp_huts_basic,
          serial_shops, kennysheep_mini_moat

Skill      XL: |  1  2  3  4  5 |
---------------+----------------+-----
Spellcasting   | 4 5 |  5.4
Fire Magic     | 4 |  4.8
Conjurations   | 2 |  2.9
Stealth        | 3 |  3.1
Hexes          | 1 |  1.5
Dodging        | |  2.9
Unarmed Combat | |  0.3

Action                   |  1- 3 |  4- 6 || total
-------------------------+-------+-------++-------
Melee: Unarmed           |     8 |       ||     8
 Cast: Foxfire           |    74 |    82 ||   156
       Summon Guardian G |       |     1 ||     1
       Scorch            |       |     1 ||     1
Armor: Robe              |     4 |     2 ||     6
Dodge: Dodged            |    15 |    15 ||    30
